 Dungeon Crawl Stone Soup version 0.29-a0-330-g52719c12eb (webtiles) character file.

Game seed: 9082980348868218092

20123 Haldmier the Spear-Bearer (level 12, -3/92 HPs)
             Began as a Merfolk Ice Elementalist on Apr 22, 2022.
             Was an Initiate of Gozag.
             Killed from afar by a frost giant (6 damage)
             ... with a bolt of cold
             ... in an ice cave on Apr 23, 2022.
             The game lasted 02:01:23 (17267 turns).

Haldmier the Spear-Bearer (MfIE)                   Turns: 17267, Time: 02:01:23

Health: -3/92      AC: 13    Str: 10    XL:     12   Next: 76%
Magic:  2/18       EV: 30    Int: 18    God:    Gozag
Gold:   1786       SH:  0    Dex: 14    Spells: 4/19 levels left

rFire   x x .      SeeInvis .   a - +3 halberd (freeze)
rCold   + + +      Faith    .   (shield currently unavailable)
rNeg    . . .      Spirit   .   j - +0 ice dragon scales
rPois   .          Reflect  .   (no helmet)
rElec   .          Harm     .   F - +0 cloak
rCorr   .          Rampage  .   g - +0 pair of gloves
Will    .....                   Q - +0 pair of boots
Stlth   +.........              e - amulet of the acrobat
HPRegen 0.25/turn               x - +4 ring of evasion
MPRegen 0.16/turn               y - ring of ice

@: acrobatic
A: (nimble swimmer 2), mertail
a: Renounce Religion, Potion Petition, Call Merchant, Bribe Branch


You were in an ice cave.
You worshipped Gozag.
Gozag was most pleased with you.
You visited 3 branches of the dungeon, and saw 11 of its levels.
You also visited: Ice Cave.

You collected 1883 gold pieces.
You paid 97 gold pieces to Gozag.

Inventory:

Hand Weapons
 a - a +3 halberd of freezing (weapon)
 b - a +3 vorpal fustibalus
 u - a +0 whip of flaming
 L - a +1 dagger of electrocution
 N - a +2 scimitar of flaming
Missiles
 m - 361 stones
Armour
 d - the +0 ring mail of the Farmer {rN+ rCorr Dex-4}
   (You found it on level 4 of the Dungeon)

   Dex:       It affects your dexterity (-4).
   rN:        It protects you from negative energy.
   rCorr:     It protects you from acid and corrosion.
 g - a +0 pair of gloves (worn)
 j - +0 ice dragon scales (worn)
 r - a +0 buckler of cold resistance
 z - a +1 robe of resistance
 D - +0 acid dragon scales
 F - a +0 cloak (worn)
 O - a +2 robe of positive energy
 Q - a +0 pair of boots (worn)
Jewellery
 e - an amulet of the acrobat (around neck)
 x - a +4 ring of evasion (left hand)
 y - a ring of ice (right hand)
 A - an amulet of faith
 J - a ring of magical power
 P - the ring of Xom's Capriciousness {Fire rElec Int+5 Stlth+}
   (You found it on level 1 of the Lair of Beasts)

   [ring of fire]

   It enhances your fire magic.
   Int:       It affects your intelligence (+5).
   rF:        It protects you from fire.
   rC:        It makes you vulnerable to cold.
   rElec:     It insulates you from electricity.
   Stlth:     It makes you more stealthy.
Wands
 l - a wand of acid (12)
 v - a wand of polymorph (9)
 E - a wand of iceblast (12)
 H - a wand of flame (82)
 R - a wand of mindburst (4)
Scrolls
 f - 5 scrolls of teleportation
 n - a scroll of holy word
 q - a scroll of immolation
 w - a scroll of brand weapon
 B - a scroll of identify
 I - a scroll of torment {unknown}
 M - a scroll of magic mapping {unknown}
Potions
 c - 4 potions of curing
 h - a potion of degeneration
 i - a potion of ambrosia
 k - 3 potions of magic
 o - a potion of invisibility
 p - a potion of lignification
 s - a potion of haste
 t - a potion of heal wounds {unknown}
 C - a potion of flight
 G - a potion of brilliance
 K - 2 potions of attraction


   Skills:
 + Level 7.9 Fighting
 * Level 13.5 Polearms
 - Level 3.0 Armour
 + Level 10.6 Dodging
 - Level 5.0 Stealth
 - Level 4.0 Spellcasting
 - Level 4.0 Conjurations
 - Level 4.0 Summonings
 * Level 12.8 Ice Magic


You had 4 spell levels left.
You knew the following spells:

 Your Spells              Type           Power      Damage    Failure   Level
a - Freeze                Ice            100%       1d11      1%          1
b - Frozen Ramparts       Ice            100%       1d12      1%          3
c - Ozocubu's Armour      Ice            65%        N/A       1%          3
d - Hailstorm             Conj/Ice       50%        3d11      41%         4
e - Summon Ice Beast      Ice/Summ       50%        N/A       41%         4

Your spell library contained the following spells:

 Spells                   Type           Power      Damage    Failure   Level
 Summon Small Mammal      Summ           72%        N/A       26%         1
 Call Canine Familiar     Summ           18%        N/A       61%         3
 Ice Form                 Ice/Tmut       40%        N/A       69%         4
 Animate Skeleton         Necr           6%         N/A       80%         1
 Pain                     Necr           12%        1d4       80%         1
 Sting                    Tmut/Pois      12%        1d3       80%         1
 Summon Guardian Golem    Hex/Summ       10%        N/A       87%         3
 Poisonous Vapours        Pois/Air       6%         N/A       90%         2
 Vampiric Draining        Necr           3%         2d6       99%         3
 Olgreb's Toxic Radiance  Pois           3%         N/A       100%        4


Dungeon Overview and Level Annotations

Branches:
Dungeon (9/15)             Temple (1/1) D:7            Lair (1/6) D:8
  IceCv (1/1)
    Orc: D:9-12

Altars:
Ashenzari
Cheibriados
Dithmenos
Elyvilon
Fedhas
Gozag
Hepliaklqana
Kikubaaqudgha
Makhleb
Nemelex Xobeh
Qazlal
Ru
Sif Muna
Uskayaw
Vehumet
Wu Jian
Xom
Yredelemnul
Zin

Annotations:
D:6 2 runed translucent doors, p0werm0de's ghost, novice VSFi
D:9 2 transporters, exclusion: ice statue, p0werm0de's ghost, novice VSFi


Innate Abilities, Weirdness & Mutations

((You are very nimble when in or above water. (Stealth+, EV+, Speed+++)))
Your lower body shifts to a powerful aquatic tail in water.


Message History

Confirm with . or Enter, or press ? or * to list all spells.
Casting: Frozen Ramparts (safe; 1% risk of failure)
Press: ? - help, Dir - look around, f - activate You feel a surge of power!
The walls around you are covered in ice.
The frost giant resists.
The wall freezes the frost giant.
The frost giant hits you with a +1 battleaxe of freezing!
The frost giant freezes you.
You completely miss the frost giant.
The frost giant is severely wounded.
The frost giant resists.
The wall freezes the frost giant.
The frost giant hits you with a +1 battleaxe of freezing!!
You hit the frost giant.
The frost giant is severely wounded.
The frost giant resists.
The wall freezes the frost giant.
The frost giant casts a spell at you. The bolt of cold misses you.
The bolt of cold hits your ice beast.
Your ice beast completely resists.
You slash the frost giant!
The frost giant is almost dead.
The frost giant resists.
The wall freezes the frost giant.
The frost giant hits you with a +1 battleaxe of freezing!!
* * * LOW HITPOINT WARNING * * *
The frost giant freezes you.
* * * LOW HITPOINT WARNING * * *
Your icy armour and frozen ramparts will break if you move.
Continue?
Your icy armour cracks and falls away as you move.
The frozen ramparts melt away as you move.
Your ice beast hits the frost giant.
Your ice beast freezes the frost giant.
The frost giant resists.
Your ice beast barely misses the frost giant.
The frost giant points at you and mumbles some strange words.
The bolt of cold hits you. You resist.
* * * LOW HITPOINT WARNING * * *
Your ice beast hits the frost giant but does no damage.
Your ice beast barely misses the frost giant.
The frost giant casts a spell at you. The bolt of cold hits you. You resist.
You die...
Your body crumbles into a pile of gold.

##.#######.###..#
#..# #..#.# #..#
##.## #.?..###.##
#..# #..)###..#
##.## #.⌠.###.##
#..# ####[..##..#
#.## #......##.##
##..###.#...###.#
##....#.@#..###.##
#.###.#.#####
#..## ##...##.#
#...## ##..###C##
###..## #..##
##Y########...#
#.##
#...##≈≈≈##..#
##.#
##...##≈≈≈#..#
#.####
#.#..##≈≈.#.#
#.##.##
###...#≈≈#.##


You could see a frost giant.

Vanquished Creatures
  Erica (Lair:1)
  10 death yaks
  Pikel (D:6)
  Joseph (D:9)
  An ice statue (IceCv)
  2 cane toads (Lair:1)
  Maggie (D:7)
  A komodo dragon (Lair:1)
  Grinder (D:4)
  9 polar bears (IceCv)
  3 blink frogs (Lair:1)
  Sigmund (D:2)
  A wyvern (D:9)
  25 yaks
  A wraith (D:9)
  Menkaure (D:4)
  3 steam dragons
  2 acid dragons
  Duvessa (D:4)
  3 water moccasins (Lair:1)
  3 sky beasts
  3 black bears
  2 orc warriors
  An ice beast (D:6)
  2 ogres
  16 wolves (IceCv)
  2 centaurs
  3 lemures (D:6)
  A kobold brigand (D:8)
  A bullfrog (Lair:1)
  A gnoll sergeant (D:8)
  2 necrophages
  5 wights (D:8)
  Dowan (D:4)
  3 killer bees (D:8)
  A howler monkey (D:5)
  4 hounds
  An orc priest (D:9)
  A gnoll shaman (D:8)
  Ijyb (D:3)
  2 iguanas (D:5)
  6 orc wizards
  10 gnolls
  6 adders
  2 shadow imps
  2 white imps
  An ufetubus (D:5)
  A worm (D:2)
  35 orcs
  7 endoplasms
  10 goblins
  7 hobgoblins
  7 jackals
  17 kobolds
  4 quokkas
  7 ball pythons
  5 bats (D:2)
  4 frilled lizards
  4 rats
260 creatures vanquished.

Vanquished Creatures (others)
  A gnoll (D:8)
  4 plants
5 creatures vanquished.

Grand Total: 265 creatures vanquished

Notes
Turn   | Place    | Note
-------+----------+-------------------------------------------
     0 | D:1      | Haldmier the Merfolk Ice Elementalist began the quest for
                  | the Orb.
     0 | D:1      | Reached XP level 1. HP: 13/13 MP: 3/3
   342 | D:1      | Reached XP level 2. HP: 19/19 MP: 3/5
  1090 | D:2      | Noticed Sigmund
  1341 | D:2      | Reached XP level 3. HP: 23/24 MP: 4/6
  1459 | D:2      | Reached skill level 5 in Ice Magic
  2070 | D:3      | Noticed Ijyb
  2102 | D:2      | Reached XP level 4. HP: 30/30 MP: 5/7
  2106 | D:2      | Learned a level 3 spell: Frozen Ramparts
  2110 | D:2      | Learned a level 3 spell: Ozocubu's Armour
  2318 | D:3      | Killed Ijyb
  2319 | D:3      | Reached skill level 1 in Armour
  2370 | D:2      | Found a radiant altar of Vehumet.
  2814 | D:3      | Reached XP level 5. HP: 35/35 MP: 4/8
  3011 | D:3      | Noticed a black bear
  3467 | D:3      | Killed a black bear
  3468 | D:3      | Reached skill level 1 in Fighting
  3468 | D:3      | Reached skill level 1 in Polearms
  3468 | D:3      | Reached XP level 6. HP: 16/43 MP: 4/9
  3843 | D:3      | Reached skill level 2 in Polearms
  4244 | D:4      | Noticed Duvessa
  4244 | D:4      | Noticed Dowan
  4533 | D:3      | Identified a scroll of acquirement
  4533 | D:3      | Acquired a +3 vorpal fustibalus
  4588 | D:4      | Noticed Menkaure
  4617 | D:4      | Noticed Grinder
  4617 | D:4      | Paralysed by Grinder for 3 turns
  4921 | D:4      | Identified the +0 ring mail of the Farmer {rN+ rCorr Dex-4}
  4930 | D:5      | Entered Level 5 of the Dungeon
  4954 | D:5      | Noticed a black bear
  4967 | D:5      | Killed a black bear
  4968 | D:5      | Reached skill level 3 in Polearms
  4968 | D:5      | Reached XP level 7. HP: 41/49 MP: 0/10
  6033 | D:5      | Reached skill level 5 in Dodging
  6210 | D:6      | Reached skill level 4 in Polearms
  6451 | D:6      | Found a runed translucent door.
  6451 | D:6      | Noticed p0werm0de's ghost (novice VSFi)
  6484 | D:6      | Reached XP level 8. HP: 57/57 MP: 11/11
  6777 | D:6      | Noticed Pikel
  6791 | D:6      | Killed Pikel
  6792 | D:6      | Reached skill level 5 in Polearms
  6792 | D:6      | Reached skill level 5 in Stealth
  7124 | D:6      | Reached skill level 6 in Polearms
  7447 | D:6      | Found a runed translucent door.
  7732 | D:7      | Reached XP level 9. HP: 62/64 MP: 9/12
  7780 | D:7      | Learned a level 4 spell: Hailstorm
  8075 | D:7      | Noticed Maggie
  8086 | D:7      | Killed Maggie
  8087 | D:7      | Reached skill level 1 in Conjurations
  8309 | D:7      | Reached skill level 7 in Polearms
  8785 | D:7      | Found a staircase to the Ecumenical Temple.
  8794 | Temple   | Entered the Ecumenical Temple
  9061 | Temple   | Became a worshipper of Gozag Ym Sagoz the Greedy
  9213 | D:8      | Noticed a death yak
  9798 | D:8      | Reached skill level 8 in Polearms
 10062 | D:8      | Reached XP level 10. HP: 26/73 MP: 11/14
 10513 | D:8      | Noticed a death yak
 10513 | D:8      | Noticed a death yak
 10606 | D:4      | Killed Menkaure
 11048 | D:4      | Killed Grinder
 11253 | D:4      | Killed Duvessa
 11258 | D:4      | Killed Dowan
 12614 | D:2      | Found a radiant altar of Vehumet.
 12690 | D:2      | Killed Sigmund
 12930 | D:9      | Reached skill level 5 in Fighting
 12996 | D:9      | Reached skill level 9 in Polearms
 13290 | D:9      | Learned a level 4 spell: Summon Ice Beast
 13305 | D:9      | Noticed Joseph
 13317 | D:9      | Found a transporter.
 13342 | D:9      | Killed Joseph
 13370 | D:9      | Found a transporter.
 13383 | D:9      | Noticed an ice statue
 13384 | D:9      | Noticed a tengu warrior
 13412 | D:9      | Reached skill level 1 in Summonings
 13422 | D:9      | Reached skill level 10 in Ice Magic
 13681 | D:8      | Killed a death yak
 13689 | D:8      | Reached skill level 10 in Polearms
 13691 | D:8      | Reached XP level 11. HP: 78/81 MP: 4/17
 13703 | D:8      | Killed a death yak
 13714 | D:8      | Killed a death yak
 13824 | D:8      | Found a staircase to the Lair.
 14930 | D:9      | Noticed p0werm0de's ghost (novice VSFi)
 15165 | Lair:1   | Entered Level 1 of the Lair of Beasts
 15165 | Lair:1   | Noticed Erica
 15176 | Lair:1   | Killed Erica
 15186 | Lair:1   | Identified the ring of Xom's Capriciousness {Fire rElec
                  | Int+5 Stlth+}
 15381 | Lair:1   | Reached skill level 11 in Polearms
 15458 | Lair:1   | Found a frozen archway.
 15544 | IceCv    | Entered an ice cave
 15848 | IceCv    | Reached skill level 12 in Polearms
 15848 | IceCv    | Reached XP level 12. HP: 67/89 MP: 11/18
 16021 | IceCv    | Noticed a death yak
 16025 | IceCv    | Noticed a death yak
 16042 | IceCv    | Killed a death yak
 16045 | IceCv    | Killed a death yak
 16046 | IceCv    | Reached skill level 10 in Dodging
 16169 | IceCv    | Noticed a death yak
 16169 | IceCv    | Noticed a death yak
 16182 | IceCv    | Killed a death yak
 16187 | IceCv    | Killed a death yak
 16447 | IceCv    | Noticed a death yak
 16447 | IceCv    | Noticed a death yak
 16447 | IceCv    | Noticed a death yak
 16456 | IceCv    | Reached skill level 13 in Polearms
 16463 | IceCv    | Killed a death yak
 16470 | IceCv    | Noticed a frost giant
 16474 | IceCv    | Killed a death yak
 16480 | IceCv    | Killed a death yak
 17260 | IceCv    | HP: 2/92 [frost giant/bolt of cold (5)]
 17267 | IceCv    | Killed from afar by a frost giant

Illustrated notes

Levels and vault maps discovered:
D:1:      co_arrival_random_square_maze, layout_rooms, minmay_unequal
D:2:      cheibrodos_helix_gallery, layout_loops_corners, basic_altar,
          serial_forest, infiniplex_forest_clump_cross, infiniplex_forest_end_2,
          infiniplex_forest_clump_small, infiniplex_forest_lined_ring,
          infiniplex_forest_lined_corner, infiniplex_forest_3_way,
          infiniplex_forest_straight_4, minmay_misc_feat_x, uniq_sigmund
D:3:      layout_loops_cross, uniq_ijyb
D:4:      layout_layer_cave, uniq_grinder, uniq_menkaure, uniq_duvessa
D:5:      layout_rooms, dreamdust_princess_corridor
D:6:      layout_loops_cross, ebering_ghost_sewer_f, skrybe_limestone_x,
          uniq_pikel
D:7:      layout_loops_corners, lemuel_temple_firewalk_b, uniq_maggie
D:8:      layout_layer_cave, dpeg_lair_monsters
D:9:      layout_loops_corners, nzn_ghost_randoct, uniq_joseph
Temple:   mainiacjoe_temple_bowtie_tessellation
Lair:1:   layout_cellular_growth, portal_ice_cave_entry_pillars_1, uniq_erica
IceCv:    ice_cave_caverns_02

Skill      XL: |  1  2  3  4  5  6  7  8  9 10 11 12 |
---------------+-------------------------------------+-----
Dodging        | 3 4 5 6 7 8 9 10 | 10.6
Ice Magic      | 5 6 7 9 10 11 12 | 12.8
Stealth        | 3 4 5 |  5.0
Armour         | 1 2 3 |  3.0
Fighting       | 1 2 3 4 5 6 7 |  7.9
Polearms       | 1 3 4 6 8 10 12 13 | 13.5
Conjurations   | 2 3 4 |  4.0
Spellcasting   | 3 4 |  4.0
Summonings     | 1 4 |  4.0

Action                   |  1- 3 |  4- 6 |  7- 9 | 10-12 || total
-------------------------+-------+-------+-------+-------++-------
Melee: Short sword       |    37 |     8 |       |       ||    45
       Punch             |     1 |       |       |       ||     1
       Unarmed           |       |     5 |       |       ||     5
       Halberd           |       |    24 |   177 |   382 ||   583
       Tailslap          |       |       |       |     8 ||     8
 Fire: Hunting sling     |     4 |    53 |       |       ||    57
       Fustibalus        |       |     5 |    52 |    15 ||    72
 Cast: Freeze            |    37 |    25 |    22 |     2 ||    86
       Frozen Ramparts   |       |     8 |    19 |    40 ||    67
       Ozocubu's Armour  |       |     3 |    13 |    26 ||    42
       Hailstorm         |       |       |     1 |     1 ||     2
       Summon Ice Beast  |       |       |       |     4 ||     4
  Use: Scroll            |       |    10 |     7 |     5 ||    22
       Potion            |       |     1 |     1 |     2 ||     4
 Stab: Sleeping          |     3 |     8 |     3 |     6 ||    20
       Distracted        |     1 |       |     1 |     7 ||     9
Armor: Robe              |     4 |     1 |    15 |    11 ||    31
       Skin              |     1 |       |       |       ||     1
       Leather armour    |       |    11 |    15 |       ||    26
       Ice dragon scales |       |       |       |    71 ||    71
Dodge: Dodged            |    58 |    45 |   154 |   237 ||   494

Table legend: (Time is in decaauts)
 A = Elapsed time spent in this place.
 B = Non-inter-level travel time spent in this place.
 C = Inter-level travel time spent in this place.
 D = Time resting spent in this place.
 E = Time spent auto-exploring this place.
 F = Levels seen in this place.
 G = Mean time per level.
                   A        B        C        D        E       F      G
               +--------+--------+--------+--------+--------+-----+--------+
         Total |  17279 |  16552 |    727 |   5553 |   6018 |  12 | 1439.9 |
       Dungeon |  14956 |  14273 |    683 |   4435 |   5773 |   9 | 1661.8 |
        Temple |    276 |    232 |     44 |      0 |    204 |   1 |  276.0 |
          Lair |    377 |    377 |      0 |    105 |      0 |   1 |  377.0 |
      Ice Cave |   1668 |   1668 |      0 |   1012 |     40 |   1 | 1668.0 |
               +--------+--------+--------+--------+--------+-----+--------+

Top non-repeatable levels by time:
     D:2: 2310 daAuts
     D:8: 2183 daAuts
     D:3: 1905 daAuts
     D:4: 1757 daAuts
   IceCv: 1668 daAuts
     D:7: 1629 daAuts
     D:6: 1450 daAuts
     D:5: 1321 daAuts
     D:9: 1265 daAuts
     D:1: 1132 daAuts
  Lair:1: 377 daAuts
  Temple: 276 daAuts
